 Dungeon Crawl Stone Soup version 0.29.0-4-gdea44cf6ec (webtiles) character file.

Game seed: 4543928411422580111

9587 qw the Grappler (level 11, -10/102 HPs)
             Began as a Troll Cinder Acolyte on Sept 2, 2022.
             Was a Priest of Ignis.
             Mangled by a chaos spawn (11 damage)
             ... summoned by a kobold demonologist
             ... on level 10 of the Dungeon.
             The game lasted 00:04:53 (7680 turns).

qw the Grappler (Troll Cinder Acolyte)              Turns: 7680, Time: 00:04:53

Health: -10/102    AC: 15    Str: 28    XL:     11   Next: 25%
Magic:  11/11      EV:  8    Int: 10    God:    Ignis [***...]
Gold:   576        SH: 14    Dex:  5    Spells: 12/12 levels left

rFire   + + .      SeeInvis .     - Unarmed
rCold   + + .      Faith    .   k - +0 kite shield
rNeg    . . .      Spirit   .   u - +0 acid dragon scales
rPois   .          Reflect  +   (helmet restricted)
rElec   +          Harm     .   e - scarf {rC+ rF+}
rCorr   +          Rampage  .   (gloves unavailable)
Will    +....                   (boots unavailable)
Stlth   ..........              m - amulet of reflection
HPRegen 1.07/turn               d - ring "Iwur" {rElec Slay+4}
MPRegen 0.12/turn               p - ring of Wehios {rC+ Will+ Slay+3}

@: lethally poisoned (-10 -> -34), about to teleport, spiked, fiery-armoured
A: large, unfitting armour, claws 3, regeneration 1, shaggy fur 1, tough skin 1
a: Renounce Religion, Fiery Armour, Foxfire Swarm, Rising Flame


You were on level 10 of the Dungeon.
You worshipped Ignis.
Ignis was most pleased with you.
You visited 1 branch of the dungeon, and saw 10 of its levels.
You also visited: Ossuary.

You collected 576 gold pieces.


Innate Abilities, Weirdness & Mutations

You are too large for most types of armour.
You have claws for hands.
Your natural rate of healing is unusually fast.
You are covered in fur. (AC +1)
You have tough skin. (AC +1)


   Skills:
 - Level 5.1 Fighting
 - Level 4.2 Throwing
 - Level 1.2 Armour
 - Level 1.0 Dodging
 - Level 9.0 Shields
 + Level 12.9 Unarmed Combat
 - Level 1.0 Spellcasting
 - Level 2.1 Fire Magic


You had 12 spell levels left.
You didn't know any spells.
Your spell library contained the following spells:

 Spells                   Type           Power      Damage    Failure   Level
 Scorch                   Fire           8%         2d5       45%         2

Inventory:

Missiles
 b - 3 boomerangs (quivered)
Armour
 e - a scarf of resistance (worn)
 k - a +0 kite shield (worn)
 q - a +2 cloak
 u - +0 acid dragon scales (worn)
Jewellery
 d - the ring "Iwur" (left claw) {rElec Slay+4}
   (You found it on level 3 of the Dungeon)

   [ring of slaying]

   Slay:      It affects your accuracy & damage with ranged weapons and melee
   (+4).
   rElec:     It insulates you from electricity.
 m - an amulet of reflection (around neck)
 o - a ring of ice
 p - the ring of Wehios (right claw) {rC+ Will+ Slay+3}
   (You acquired it on level 5 of the Dungeon)

   [ring of willpower]

   Slay:      It affects your accuracy & damage with ranged weapons and melee
   (+3).
   rC:        It protects you from cold.
   Will:      It increases your willpower.
 r - a ring of fire
Scrolls
 g - 5 scrolls of identify
 j - 2 scrolls of enchant weapon
Potions
 a - 2 potions of might
 c - a potion of resistance
 h - 4 potions of curing
 i - a potion of haste
 l - 2 potions of magic {unknown}

Dungeon Overview and Level Annotations

Branches:
Dungeon (10/15)            Temple (0/1) D:6            Lair (0/5) D:10
    Orc (0/2) D:9         Ossuary (visited)

Altars:
Cheibriados
Elyvilon
Gozag
Makhleb
Okawaru
Wu Jian

Shops:
D:5 [   D:9 [

Annotations:
D:4 4 runed translucent doors


Message History

The quasit claws you but does no damage.
The quasit completely resists.
The quasit claws you but does no damage.
You block the kobold demonologist's attack.
The red devil hits you from afar with a +1 demon trident of venom!
Barbed spikes become lodged in your body.
You are more poisoned.
The kobold demonologist closely misses you.
You block the chaos spawn's attack.
The iron imp hits you but does no damage.
The iron imp completely resists.
7679 ||| READING scroll of teleportation.
As you read the scroll of teleportation, it crumbles to dust.
You feel strangely unstable.
You feel very sick. You block the quasit's attack. x2
The quasit claws you but does no damage.
The quasit resists.
The quasit is burned by your cloak of flames.
The quasit is moderately wounded.
You block the kobold demonologist's attack.
The kobold barely misses you.
The kobold demonologist casts a spell.
The red devil barely misses you. The chaos spawn completely misses you.
You miss the kobold demonologist.
The kobold demonologist is heavily wounded.
You feel very sick.
The iron imp disappears in a puff of smoke!
You block the quasit's attack. x2
The quasit claws you but does no damage.
The neqoxec hits you but does no damage.
The neqoxec is burned by your cloak of flames.
The neqoxec is lightly wounded.
You block the kobold demonologist's attack.
The kobold demonologist gestures wildly while chanting.
The red devil hits you from afar with a +1 demon trident of venom!
Barbed spikes become lodged in your body.
You are more poisoned.
The chaos spawn hits you!
You die...

......~~~~~~......~~
......~~~~~~.~~.~~.~~~~.
.......~~~~~h~~~h~~~~~.~
........~~.~~~~~~~~~~~~.
........~..~~~~~~~~~..~.
).......~.~..~5~~4~~.~..
..............~~~~~~....
.....%..###...5KKK...#
........####...ยค@4..#
.........##....3K5..##
....)..........4K....##
....)..##....#.)......#
........###...........#
........# ##.........##
.....##.# #...##..#..#
.###)# .##........#.##
###..##.#..#..#....##


You could see a hellwing (summoned), 2 kobold demonologists, a neqoxec
(summoned), a chaos spawn (summoned), a red devil (summoned), a wolf, a hound, a
quasit (summoned), a crimson imp (summoned), a shadow imp (summoned) and 3
kobolds.

Vanquished Creatures
  Harold (D:9)
  Erolcha (D:9)
  A two-headed ogre (D:10)
  Pikel (D:4)
  2 trolls
  A shadow (D:9)
  6 yaks
  A wyvern (D:8)
  Grum (D:9)
  3 vampire mosquitoes (D:10)
  Menkaure (D:7)
  Edmund (D:5)
  An acid dragon (D:8)
  An ice beast (D:8)
  7 orc warriors
  2 sky beasts (D:7)
  2 centaurs
  An ogre (D:3)
  2 wolves (D:9)
  2 lemures (D:5)
  5 kobold brigands
  2 elf zombies (Ossuary)
  5 gnoll sergeants (D:9)
  2 elf skeletons (D:7)
  3 bullfrogs
  5 scorpions
  12 wights
  6 killer bees (D:7)
  3 howler monkeys
  An electric eel (D:10)
  2 human zombies
  3 jellies
  5 hounds
  2 human skeletons (D:7)
  An iguana (D:6)
  3 orc priests
  Natasha (thrice) (D:4)
  7 orc wizards
  3 hound zombies (Ossuary)
  3 mummies (Ossuary)
  7 adders
  5 gnolls
  A shadow imp (D:8)
  3 white imps
  An ufetubus (D:4)
  3 adder zombies (Ossuary)
  3 dart slugs
  31 orcs
  5 ball pythons
  8 bats
  5 endoplasms
  7 giant cockroaches
  4 gnoll zombies (Ossuary)
  9 goblins
  7 hobgoblins
  9 jackals
  6 quokkas
  2 frilled lizards
  4 goblin zombies (Ossuary)
  4 hobgoblin zombies (Ossuary)
  3 jackal zombies (Ossuary)
  20 kobolds
  A kobold zombie (Ossuary)
  An orc skeleton (D:7)
  2 orc zombies (Ossuary)
  5 quokka zombies (Ossuary)
  8 rats
  3 rat zombies (Ossuary)
281 creatures vanquished.

Vanquished Creatures (others)
  A kobold brigand (D:10)
1 creature vanquished.

Grand Total: 282 creatures vanquished

Notes
Turn   | Place    | Note
-------+----------+-------------------------------------------
     0 | D:1      | qw the Troll Cinder Acolyte began the quest for the Orb.
     0 | D:1      | Reached XP level 1. HP: 22/22 MP: 1/1
     0 | D:1      | 0 ||| qw: Version: 0.1-a-97-g2dd2ca4
     0 | D:1      | 0 ||| qw: Game counter: 4957
     0 | D:1      | 0 ||| qw: Always use a shield: true
     0 | D:1      | 0 ||| qw: God list: Okawaru
     0 | D:1      | 0 ||| qw: Allow faded altars: false
     0 | D:1      | 0 ||| qw: Do Orc after D:15 true
     0 | D:1      | 0 ||| qw: Do second Lair branch before Depths: true
     0 | D:1      | 0 ||| qw: Lair rune preference: random
     0 | D:1      | 0 ||| qw: Plans: Normal
     0 | D:1      | 0 ||| PLANNING D:1-11
    26 | D:1      | 26 ||| Stepping ~*~*~tactically~*~*~ (outnumbered).
    34 | D:1      | Found a faded altar of an unknown god.
    55 | D:1      | 55 ||| Stepping ~*~*~tactically~*~*~ (stealth).
    62 | D:1      | Reached XP level 2. HP: 19/29 MP: 2/2
   134 | D:1      | 134 ||| Stepping ~*~*~tactically~*~*~ (stealth).
   155 | D:1      | 155 ||| Stepping ~*~*~tactically~*~*~ (stealth).
   209 | D:1      | Reached skill level 4 in Unarmed Combat
   292 | D:1      | 292 ||| Stepping ~*~*~tactically~*~*~ (hiding).
   297 | D:1      | 297 ||| Stepping ~*~*~tactically~*~*~ (outnumbered).
   310 | D:1      | Reached XP level 3. HP: 25/36 MP: 3/3
   359 | D:1      | Reached skill level 1 in Throwing
   526 | D:1      | 526 ||| READING scroll labelled BYPOEN VAPHA.
   527 | D:1      | 527 ||| READING scroll labelled GIWKES JEHYR.
   528 | D:1      | 528 ||| READING scroll labelled MEUZAL ATIRR.
   599 | D:2      | 599 ||| Stepping ~*~*~tactically~*~*~ (stealth).
   734 | D:2      | Reached XP level 4. HP: 44/44 MP: 4/4
   846 | D:2      | 846 ||| Stepping ~*~*~tactically~*~*~ (outnumbered).
  1025 | D:2      | 1025 ||| READING scroll labelled XYICIS ZUNISH.
  1026 | D:2      | 1026 ||| DRINKING 4 fuming yellow potions.
  1027 | D:2      | 1027 ||| DRINKING 2 ruby potions.
  1028 | D:2      | 1028 ||| DROPPING 3 potions of brilliance.
  1029 | D:2      | 1029 ||| DROPPING potion of flight.
  1050 | D:3      | Reached skill level 5 in Unarmed Combat
  1119 | D:3      | 1119 ||| Stepping ~*~*~tactically~*~*~ (outnumbered).
  1160 | D:3      | Identified the ring "Iwur" {rElec Slay+4}
  1209 | D:3      | 1209 ||| Stepping ~*~*~tactically~*~*~ (hiding).
  1220 | D:3      | 1220 ||| Stepping ~*~*~tactically~*~*~ (outnumbered).
  1338 | D:3      | 1338 ||| Stepping ~*~*~tactically~*~*~ (stealth).
  1351 | D:3      | Reached XP level 5. HP: 50/50 MP: 5/5
  1457 | D:3      | Noticed an ogre
  1467 | D:3      | Killed an ogre
  1468 | D:3      | Reached skill level 6 in Unarmed Combat
  1827 | D:3      | 1827 ||| UPGRADING to ring "Iwur" {rElec Slay+4}.
  1828 | D:3      | 1828 ||| READING scroll labelled ZUQEMP TASOC.
  1929 | D:3      | 1929 ||| READING scroll labelled VOB DEPYKUOVY.
  1930 | D:3      | 1930 ||| DRINKING 2 grey potions.
  1931 | D:3      | 1931 ||| READING 2 scrolls of identify.
  1931 | D:3      | 1931 ||| IDENTIFYING amethyst potion
  1932 | D:3      | 1932 ||| DROPPING potion of invisibility.
  1944 | D:4      | Noticed Natasha
  1946 | D:4      | 1946 ||| Stepping ~*~*~tactically~*~*~ (hiding).
  1947 | D:4      | 1947 ||| Stepping ~*~*~tactically~*~*~ (hiding).
  1952 | D:4      | Killed Natasha
  1978 | D:4      | Reached XP level 6. HP: 59/59 MP: 6/6
  2002 | D:4      | Found a large runed translucent door.
  2002 | D:4      | Found a large runed translucent door.
  2009 | D:4      | 2009 ||| READING 2 scrolls of identify.
  2009 | D:4      | 2009 ||| IDENTIFYING viscous dark potion
  2010 | D:4      | 2010 ||| Stepping randomly (stuck).
  2012 | D:4      | 2012 ||| Stepping randomly (stuck).
  2028 | D:4      | Found a large runed translucent door.
  2028 | D:4      | Found a large runed translucent door.
  2035 | D:4      | Noticed Natasha
  2036 | D:4      | 2036 ||| Stepping randomly (stuck).
  2037 | D:4      | 2037 ||| Stepping randomly (stuck).
  2038 | D:4      | 2038 ||| Stepping randomly (stuck).
  2040 | D:4      | 2040 ||| Stepping ~*~*~tactically~*~*~ (hiding).
  2041 | D:4      | 2041 ||| Stepping ~*~*~tactically~*~*~ (hiding).
  2043 | D:4      | 2043 ||| Stepping ~*~*~tactically~*~*~ (hiding).
  2045 | D:4      | 2045 ||| Stepping ~*~*~tactically~*~*~ (hiding).
  2046 | D:4      | 2046 ||| Stepping ~*~*~tactically~*~*~ (hiding).
  2049 | D:4      | Killed Natasha
  2073 | D:4      | Noticed Natasha
  2076 | D:4      | Killed Natasha
  2249 | D:4      | Reached skill level 7 in Unarmed Combat
  2320 | D:4      | 2320 ||| Stepping ~*~*~tactically~*~*~ (stealth).
  2324 | D:4      | 2324 ||| Stepping ~*~*~tactically~*~*~ (stealth).
  2339 | D:4      | 2339 ||| Stepping ~*~*~tactically~*~*~ (stealth).
  2435 | D:4      | Reached XP level 7. HP: 66/66 MP: 7/7
  2443 | D:4      | Identified the +10 falchion of Severance {venom, Stlth+}
  2485 | D:4      | 2485 ||| Stepping ~*~*~tactically~*~*~ (stealth).
  2487 | D:4      | Noticed a yak
  2495 | D:4      | 2495 ||| INVOKING Fiery Armour.
  2496 | D:4      | Killed a yak
  2497 | D:4      | Reached skill level 8 in Unarmed Combat
  2694 | D:4      | 2694 ||| Stepping ~*~*~tactically~*~*~ (stealth).
  2696 | D:4      | 2696 ||| Stepping ~*~*~tactically~*~*~ (stealth).
  2700 | D:4      | 2700 ||| Stepping ~*~*~tactically~*~*~ (hiding).
  2712 | D:4      | Reached skill level 3 in Fighting
  2774 | D:4      | 2774 ||| UPGRADING to amulet of the acrobat.
  2779 | D:4      | 2779 ||| UPGRADING to amulet of reflection.
  2789 | D:4      | 2789 ||| DROPPING amulet of the acrobat.
  2790 | D:4      | 2790 ||| READING scroll labelled VOPOLAGRIHA.
  2791 | D:4      | 2791 ||| READING 2 scrolls labelled PYETAU QISUASK.
  2798 | D:4      | 2798 ||| DRINKING 2 pink potions.
  2899 | D:4      | 2899 ||| DROPPING potion of ambrosia.
  2906 | D:5      | Entered Level 5 of the Dungeon
  2919 | D:5      | Noticed Pikel
  2926 | D:5      | 2926 ||| Stepping ~*~*~tactically~*~*~ (outnumbered).
  2929 | D:5      | 2929 ||| Stepping ~*~*~tactically~*~*~ (outnumbered).
  2930 | D:5      | 2930 ||| Stepping ~*~*~tactically~*~*~ (outnumbered).
  2931 | D:5      | 2931 ||| Stepping ~*~*~tactically~*~*~ (outnumbered).
  2932 | D:5      | 2932 ||| Stepping ~*~*~tactically~*~*~ (outnumbered).
  2933 | D:5      | 2933 ||| STAIRDANCE
  2935 | D:4      | 2935 ||| Stepping ~*~*~tactically~*~*~ (outnumbered).
  2936 | D:4      | 2936 ||| Stepping ~*~*~tactically~*~*~ (outnumbered).
  2938 | D:4      | Killed Pikel
  2939 | D:4      | Reached skill level 10 in Unarmed Combat
  2939 | D:4      | Reached XP level 8. HP: 60/75 MP: 8/8
  3318 | D:5      | Found an ornate altar of the Wu Jian Council.
  3320 | D:5      | Found a burning altar of Makhleb.
  3372 | D:5      | Found Kateppoa's Armour Emporium.
  3610 | D:5      | Reached skill level 3 in Throwing
  3830 | D:5      | 3830 ||| Stepping ~*~*~tactically~*~*~ (stealth).
  3832 | D:5      | 3832 ||| Stepping ~*~*~tactically~*~*~ (hiding).
  3834 | D:5      | 3834 ||| Stepping ~*~*~tactically~*~*~ (hiding).
  3835 | D:5      | 3835 ||| Stepping ~*~*~tactically~*~*~ (hiding).
  3839 | D:5      | 3839 ||| Stepping ~*~*~tactically~*~*~ (outnumbered).
  3840 | D:5      | 3840 ||| Stepping ~*~*~tactically~*~*~ (outnumbered).
  3841 | D:5      | 3841 ||| Stepping ~*~*~tactically~*~*~ (outnumbered).
  3843 | D:5      | 3843 ||| Stepping ~*~*~tactically~*~*~ (outnumbered).
  3844 | D:5      | 3844 ||| Stepping ~*~*~tactically~*~*~ (outnumbered).
  3845 | D:5      | 3845 ||| Stepping ~*~*~tactically~*~*~ (outnumbered).
  3847 | D:5      | 3847 ||| Stepping ~*~*~tactically~*~*~ (outnumbered).
  3848 | D:5      | 3848 ||| Stepping ~*~*~tactically~*~*~ (outnumbered).
  3849 | D:5      | 3849 ||| Stepping ~*~*~tactically~*~*~ (outnumbered).
  3850 | D:5      | 3850 ||| Stepping ~*~*~tactically~*~*~ (outnumbered).
  3853 | D:5      | Reached skill level 1 in Dodging
  3866 | D:5      | Noticed Edmund
  3879 | D:5      | Killed Edmund
  4123 | D:5      | 4123 ||| READING 3 scrolls labelled ZEVIAPPATH.
  4124 | D:5      | 4124 ||| READING scroll labelled LUN CER ITREGH.
  4124 | D:5      | Identified a scroll of acquirement
  4124 | D:5      | 4124 ||| ACQUIRING ring of Wehios {rC+ Will+ Slay+3}
  4124 | D:5      | Acquired the ring of Wehios {rC+ Will+ Slay+3}
  4126 | D:5      | 4126 ||| UPGRADING to ring of Wehios {rC+ Will+ Slay+3}.
  4127 | D:5      | 4127 ||| READING scroll labelled ASHAGG IJAMIL.
  4128 | D:5      | 4128 ||| READING scroll labelled KICIGR NAANN.
  4280 | D:5      | 4280 ||| READING 3 scrolls of teleportation.
  4281 | D:5      | 4281 ||| STAIRDANCE
  4362 | D:6      | 4362 ||| Stepping ~*~*~tactically~*~*~ (stealth).
  4378 | D:6      | 4378 ||| Stepping ~*~*~tactically~*~*~ (hiding).
  4564 | D:6      | 4564 ||| Stepping ~*~*~tactically~*~*~ (stealth).
  4571 | D:6      | 4571 ||| Stepping ~*~*~tactically~*~*~ (stealth).
  4574 | D:6      | 4574 ||| Stepping ~*~*~tactically~*~*~ (stealth).
  4575 | D:6      | 4575 ||| Stepping ~*~*~tactically~*~*~ (stealth).
  4576 | D:6      | 4576 ||| Stepping ~*~*~tactically~*~*~ (stealth).
  4579 | D:6      | 4579 ||| Stepping ~*~*~tactically~*~*~ (stealth).
  4581 | D:6      | 4581 ||| Stepping ~*~*~tactically~*~*~ (outnumbered).
  4583 | D:6      | 4583 ||| Stepping ~*~*~tactically~*~*~ (outnumbered).
  4590 | D:6      | 4590 ||| Stepping ~*~*~tactically~*~*~ (outnumbered).
  4592 | D:6      | 4592 ||| Stepping ~*~*~tactically~*~*~ (outnumbered).
  4593 | D:6      | 4593 ||| Stepping ~*~*~tactically~*~*~ (outnumbered).
  4594 | D:6      | 4594 ||| Stepping ~*~*~tactically~*~*~ (outnumbered).
  4595 | D:6      | 4595 ||| Stepping ~*~*~tactically~*~*~ (outnumbered).
  4707 | D:6      | Found a white marble altar of Elyvilon.
  4798 | D:6      | Found a staircase to the Ecumenical Temple.
  4854 | D:6      | 4854 ||| Stepping ~*~*~tactically~*~*~ (outnumbered).
  4855 | D:6      | 4855 ||| Stepping ~*~*~tactically~*~*~ (outnumbered).
  4856 | D:6      | 4856 ||| Stepping ~*~*~tactically~*~*~ (outnumbered).
  4858 | D:6      | Reached XP level 9. HP: 84/84 MP: 9/9
  4927 | D:6      | 4927 ||| UPGRADING to +0 robe of willpower.
  4937 | D:6      | 4937 ||| DROPPING +0 robe.
  4938 | D:6      | 4938 ||| UPGRADING to +0 cloak.
  4943 | D:6      | 4943 ||| READING scroll labelled LATE OZUTSOPIY.
  4944 | D:6      | 4944 ||| READING 2 scrolls of identify.
  4944 | D:6      | 4944 ||| IDENTIFYING fizzy yellow potion
  4945 | D:6      | 4945 ||| DROPPING potion of attraction.
  4964 | D:5      | 4964 ||| READING 2 scrolls of teleportation.
  5000 | D:7      | 5000 ||| PLANNING OSSUARY
  5048 | D:7      | 5048 ||| INVOKING Fiery Armour.
  5049 | D:7      | 5049 ||| Stepping ~*~*~tactically~*~*~ (outnumbered).
  5050 | D:7      | 5050 ||| Stepping ~*~*~tactically~*~*~ (outnumbered).
  5054 | D:7      | Reached skill level 11 in Unarmed Combat
  5070 | D:7      | 5070 ||| FLEEEEING.
  5071 | D:7      | 5071 ||| FLEEEEING.
  5104 | D:7      | 5104 ||| Stepping ~*~*~tactically~*~*~ (hiding).
  5296 | D:7      | 5296 ||| READING scroll of enchant armour.
  5296 | D:7      | 5296 ||| ENCHANTING +0 cloak.
  5361 | D:7      | Noticed Menkaure
  5362 | D:7      | 5362 ||| FLEEEEING.
  5363 | D:7      | 5363 ||| FLEEEEING.
  5364 | D:7      | 5364 ||| FLEEEEING.
  5365 | D:7      | 5365 ||| FLEEEEING.
  5387 | D:7      | Killed Menkaure
  5566 | D:7      | Reached skill level 12 in Unarmed Combat
  5569 | D:7      | Found a sand-covered staircase.
  5571 | D:7      | 5571 ||| DROPPING amulet of guardian spirit.
  5572 | D:7      | 5572 ||| READING scroll labelled OMPIAWA EHYIT.
  5573 | D:7      | 5573 ||| READING 3 scrolls of identify.
  5573 | D:7      | 5573 ||| IDENTIFYING white potion
  5574 | D:7      | 5574 ||| DROPPING potion of lignification.
  5578 | Ossuary  | Entered an ossuary
  5596 | Ossuary  | 5596 ||| Stepping ~*~*~tactically~*~*~ (outnumbered).
  5597 | Ossuary  | 5597 ||| Stepping ~*~*~tactically~*~*~ (outnumbered).
  5598 | Ossuary  | 5598 ||| Stepping ~*~*~tactically~*~*~ (outnumbered).
  5613 | Ossuary  | 5613 ||| Stepping ~*~*~tactically~*~*~ (stealth).
  5614 | Ossuary  | 5614 ||| Stepping ~*~*~tactically~*~*~ (stealth).
  5617 | Ossuary  | 5617 ||| Stepping ~*~*~tactically~*~*~ (stealth).
  5647 | Ossuary  | 5647 ||| Stepping ~*~*~tactically~*~*~ (outnumbered).
  5699 | Ossuary  | 5699 ||| Stepping ~*~*~tactically~*~*~ (stealth).
  5701 | Ossuary  | 5701 ||| Stepping ~*~*~tactically~*~*~ (stealth).
  5702 | Ossuary  | 5702 ||| Stepping ~*~*~tactically~*~*~ (stealth).
  5837 | Ossuary  | 5837 ||| Stepping ~*~*~tactically~*~*~ (stealth).
  5884 | Ossuary  | 5884 ||| Stepping ~*~*~tactically~*~*~ (outnumbered).
  5900 | D:7      | 5900 ||| PLANNING D:1-11
  6083 | D:8      | 6083 ||| FLEEEEING.
  6084 | D:8      | 6084 ||| FLEEEEING.
  6085 | D:8      | 6085 ||| FLEEEEING.
  6086 | D:8      | 6086 ||| FLEEEEING.
  6087 | D:8      | 6087 ||| FLEEEEING.
  6093 | D:8      | 6093 ||| FLEEEEING.
  6094 | D:8      | 6094 ||| FLEEEEING.
  6095 | D:8      | 6095 ||| FLEEEEING.
  6096 | D:8      | 6096 ||| FLEEEEING.
  6097 | D:8      | 6097 ||| FLEEEEING.
  6115 | D:8      | 6115 ||| Stepping ~*~*~tactically~*~*~ (stealth).
  6116 | D:8      | 6116 ||| Stepping ~*~*~tactically~*~*~ (stealth).
  6117 | D:8      | 6117 ||| Stepping ~*~*~tactically~*~*~ (stealth).
  6139 | D:8      | 6139 ||| Stepping ~*~*~tactically~*~*~ (stealth).
  6145 | D:8      | 6145 ||| FLEEEEING.
  6146 | D:8      | 6146 ||| FLEEEEING.
  6147 | D:8      | 6147 ||| STAIRDANCE
  6158 | D:7      | 6158 ||| UPGRADING to +0 kite shield.
  6163 | D:7      | 6163 ||| DROPPING ring of magical power.
  6233 | D:8      | Reached skill level 1 in Shields
  6353 | D:8      | 6353 ||| READING scroll of enchant armour.
  6353 | D:8      | 6353 ||| ENCHANTING +1 cloak.
  6487 | D:8      | 6487 ||| UPGRADING to +0 acid dragon scales.
  6497 | D:8      | 6497 ||| DROPPING +0 robe of willpower.
  6498 | D:8      | 6498 ||| READING scroll labelled LIESIG YLIANA.
  6499 | D:8      | 6499 ||| READING scroll labelled KOMUOF SALOSCHO.
  6500 | D:8      | 6500 ||| READING 5 scrolls of identify.
  6500 | D:8      | 6500 ||| IDENTIFYING dark potion
  6501 | D:8      | 6501 ||| READING scroll of teleportation.
  6521 | D:9      | 6521 ||| INVOKING Fiery Armour.
  6525 | D:9      | Reached skill level 3 in Shields
  6549 | D:9      | Reached XP level 10. HP: 94/95 MP: 10/10
  6565 | D:9      | Noticed Erolcha
  6572 | D:9      | Killed Erolcha
  6598 | D:9      | Found a staircase to the Orcish Mines.
  6603 | D:9      | 6603 ||| Stepping ~*~*~tactically~*~*~ (outnumbered).
  6609 | D:9      | Reached skill level 1 in Armour
  6613 | D:9      | 6613 ||| Stepping ~*~*~tactically~*~*~ (outnumbered).
  6616 | D:9      | 6616 ||| Stepping ~*~*~tactically~*~*~ (outnumbered).
  6619 | D:9      | Reached skill level 6 in Shields
  6621 | D:9      | HP: 24/96 [gnoll sergeant/+0 trident of freezing (8)]
  6622 | D:9      | 6622 ||| DRINKING potion of heal wounds.
  6625 | D:9      | 6625 ||| Stepping ~*~*~tactically~*~*~ (hiding).
  6629 | D:9      | 6629 ||| Stepping ~*~*~tactically~*~*~ (outnumbered).
  6631 | D:9      | 6631 ||| Stepping ~*~*~tactically~*~*~ (outnumbered).
  6640 | D:9      | 6640 ||| INVOKING Fiery Armour.
  6649 | D:9      | 6649 ||| Stepping ~*~*~tactically~*~*~ (outnumbered).
  6815 | D:9      | Found a flagged portal.
  6846 | D:9      | 6846 ||| Stepping ~*~*~tactically~*~*~ (hiding).
  6858 | D:9      | 6858 ||| Stepping ~*~*~tactically~*~*~ (outnumbered).
  6859 | D:9      | 6859 ||| Stepping ~*~*~tactically~*~*~ (outnumbered).
  6866 | D:9      | 6866 ||| Stepping ~*~*~tactically~*~*~ (outnumbered).
  6904 | D:9      | Found an iron altar of Okawaru.
  6965 | D:9      | Found an opulent altar of Gozag.
  6992 | D:9      | Noticed Grum
  6993 | D:9      | 6993 ||| Stepping ~*~*~tactically~*~*~ (hiding).
  6997 | D:9      | 6997 ||| INVOKING Fiery Armour.
  6999 | D:9      | Noticed Harold
  7005 | D:9      | Killed Grum
  7010 | D:9      | HP: 22/96 [Harold/+0 mace (23)]
  7011 | D:9      | 7011 ||| READING 2 scrolls of teleportation.
  7015 | D:9      | 7015 ||| STAIRDANCE
  7032 | D:8      | 7032 ||| FLEEEEING.
  7033 | D:8      | 7033 ||| FLEEEEING.
  7034 | D:8      | 7034 ||| FLEEEEING.
  7035 | D:8      | 7035 ||| STAIRDANCE
  7080 | D:7      | 7080 ||| UPGRADING to scarf of resistance.
  7179 | D:9      | Found a snail-covered altar of Cheibriados.
  7180 | D:9      | Found Cheibriados's Comfort Zone.
  7188 | D:9      | 7188 ||| Stepping ~*~*~tactically~*~*~ (stealth).
  7233 | D:9      | 7233 ||| Stepping ~*~*~tactically~*~*~ (hiding).
  7250 | D:9      | Killed Harold
  7456 | D:10     | Entered Level 10 of the Dungeon
  7456 | D:10     | Noticed a two-headed ogre
  7460 | D:10     | Killed a two-headed ogre
  7461 | D:10     | Reached skill level 9 in Shields
  7461 | D:10     | Reached XP level 11. HP: 102/102 MP: 11/11
  7486 | D:10     | 7486 ||| Stepping ~*~*~tactically~*~*~ (stealth).
  7487 | D:10     | 7487 ||| Stepping ~*~*~tactically~*~*~ (stealth).
  7488 | D:10     | 7488 ||| Stepping ~*~*~tactically~*~*~ (stealth).
  7489 | D:10     | 7489 ||| Stepping ~*~*~tactically~*~*~ (stealth).
  7492 | D:10     | 7492 ||| Stepping ~*~*~tactically~*~*~ (outnumbered).
  7493 | D:10     | 7493 ||| Stepping ~*~*~tactically~*~*~ (outnumbered).
  7494 | D:10     | 7494 ||| Stepping ~*~*~tactically~*~*~ (outnumbered).
  7495 | D:10     | 7495 ||| Stepping ~*~*~tactically~*~*~ (outnumbered).
  7496 | D:10     | 7496 ||| Stepping ~*~*~tactically~*~*~ (outnumbered).
  7557 | D:10     | 7557 ||| Stepping ~*~*~tactically~*~*~ (outnumbered).
  7559 | D:10     | 7559 ||| Stepping ~*~*~tactically~*~*~ (outnumbered).
  7584 | D:10     | 7584 ||| INVOKING Fiery Armour.
  7587 | D:10     | 7587 ||| FLEEEEING.
  7588 | D:10     | 7588 ||| FLEEEEING.
  7640 | D:10     | Found a staircase to the Lair.
  7654 | D:10     | 7654 ||| Stepping ~*~*~tactically~*~*~ (stealth).
  7659 | D:10     | 7659 ||| Stepping ~*~*~tactically~*~*~ (stealth).
  7660 | D:10     | 7660 ||| Stepping ~*~*~tactically~*~*~ (stealth).
  7665 | D:10     | 7665 ||| Stepping ~*~*~tactically~*~*~ (outnumbered).
  7668 | D:10     | 7668 ||| Stepping ~*~*~tactically~*~*~ (outnumbered).
  7669 | D:10     | 7669 ||| Stepping ~*~*~tactically~*~*~ (outnumbered).
  7671 | D:10     | 7671 ||| Stepping ~*~*~tactically~*~*~ (outnumbered).
  7673 | D:10     | 7673 ||| Stepping ~*~*~tactically~*~*~ (outnumbered).
  7674 | D:10     | 7674 ||| INVOKING Fiery Armour.
  7678 | D:10     | HP: 22/102 [red devil/+1 demon trident of venom[a kobold
                  | demonologist] (10)]
  7679 | D:10     | 7679 ||| READING scroll of teleportation.
  7680 | D:10     | HP: 1/102 [red devil/+1 demon trident of venom[a kobold
                  | demonologist] (13)]
  7680 | D:10     | Mangled by a chaos spawn

Levels and vault maps discovered:
D:1:      spicycebolla_arrival_clurvy, layout_basic,
          chequers_ecumenical_altar_simple, fountainhead
D:2:      layout_basic
D:3:      layout_basic, minmay_checkerbox
D:4:      layout_loops_ring, minmay_hollow_rounded_squares, uniq_natasha
D:5:      layout_layer_cave, nicolae_overflow_hidden_temple, serial_shops,
          nicolae_shop_behind_doors, uniq_pikel, uniq_edmund
D:6:      layout_cave_pools, mainiacjoe_overflow_tiny_flanked, temple_green,
          grunt_ministairs_11, grunt_decor_resistance
D:7:      layout_basic, nicolae_ossuary_entry_catacombs, uniq_menkaure
D:8:      layout_rooms
D:9:      layout_basic, lemuel_round_altar, mainiacjoe_overflow_catwalk,
          kennysheep_orc_monster_closet_entryway, enter_bailey_2,
          minmay_shop_chei, uniq_grum, uniq_erolcha, uniq_harold
D:10:     layout_cave_pools, lemuel_crystal_altar, erik_lair_island

Skill      XL: |  1  2  3  4  5  6  7  8  9 10 |
---------------+-------------------------------+-----
Unarmed Combat | 4 5 6 7 10 12 | 12.9
Throwing       | 1 2 3 4 |  4.2
Fighting       | 3 4 5 |  5.1
Dodging        | 1 |  1.0
Shields        | 3 9 |  9.0
Armour         | 1 |  1.2
Spellcasting   | |  1.0
Fire Magic     | |  2.1

Action                   |  1- 3 |  4- 6 |  7- 9 | 10-12 || total
-------------------------+-------+-------+-------+-------++-------
Melee: Unarmed           |    80 |   127 |   216 |   159 ||   582
       Punch             |     2 |     4 |    11 |       ||    17
Throw: Javelin           |     9 |    16 |    15 |     6 ||    46
       Large rock        |       |     6 |    46 |    14 ||    66
       Boomerang         |       |       |       |     4 ||     4
Invok: Fiery Armour      |       |       |     3 |     4 ||     7
  Use: Scroll            |     3 |     5 |    18 |     2 ||    28
       Potion            |       |     3 |     1 |     1 ||     5
Armor: Robe              |    19 |    39 |    39 |       ||    97
       Acid dragon scale |       |       |     5 |    72 ||    77
Dodge: Dodged            |    28 |    44 |    58 |    37 ||   167
Block: Other             |       |       |    25 |       ||    25
       Reflection        |       |       |     8 |     5 ||    13
       Kite shield       |       |       |     4 |   121 ||   125

Table legend:
 A = Non-vault XP
 B = Vault XP
 C = Vault XP percentage of total XP
 D = Non-vault monster count
 E = Vault monster count
 F = Vault count percentage of total count
                 A         B        C        D         E       F
            +---------+---------+-------+---------+---------+-------
      Total |    7380 |    6317 |  46.1 |     187 |      93 |  33.2
            +---------+---------+-------+---------+---------+-------
        D:1 |      49 |       0 |   0.0 |      26 |       0 |   0.0
        D:2 |      75 |       0 |   0.0 |      16 |       0 |   0.0
        D:3 |     211 |       9 |   4.1 |      26 |       4 |  13.3
        D:4 |     352 |    1126 |  76.2 |      18 |      12 |  40.0
        D:5 |     378 |     158 |  29.5 |      12 |       1 |   7.7
        D:6 |     389 |     189 |  32.7 |      16 |       4 |  20.0
        D:7 |     771 |     461 |  37.4 |      12 |       7 |  36.8
        D:8 |     701 |       0 |   0.0 |      16 |       0 |   0.0
        D:9 |    1507 |    3666 |  70.9 |      24 |      25 |  51.0
       D:10 |    2947 |     331 |  10.1 |      21 |       2 |   8.7
    Ossuary |       0 |     377 | 100.0 |       0 |      38 | 100.0
            +---------+---------+-------+---------+---------+-------
